 Dungeon Crawl Stone Soup version 0.16-a0-4023-g001212b (webtiles) character file.

119150 Leibowitz the Spry (level 16, -4/134 HPs)
             Began as a Merfolk Gladiator on Feb 16, 2015.
             Was the Champion of Okawaru.
             Slain by a reaper
             ... wielding a +0 scythe of protection
              (24 damage)
             ... on level 5 of the Abyss on Feb 18, 2015.
             The game lasted 03:24:29 (31904 turns).

Leibowitz the Spry (Merfolk Gladiator)             Turns: 31904, Time: 03:24:30

Health: -4/134     AC: 22    Str: 25      XL:     16   Next: 78%
Magic:  43/43      EV: 31    Int: 13 (16) God:    Okawaru [******]
Gold:   699        SH:  0    Dex: 21      Spells: 2 memorised, 19 levels left

rFire  + + .     SeeInvis .     a - +13 sword of the Doom Knight {pain, -Cast MR+}
rCold  . . .     Clarity  .     v - +0 ring mail of Cleakamu {rPois MP+9 Int+3 Dex-2 Stlth+}
rNeg   + . .     SustAb   .     (no shield)
rPois  +         Gourm    .     q - +2 helmet
rElec  +         Spirit   .     y - +2 cloak {+Inv}
rCorr  .         Warding  .     H - +2 pair of fencer's gloves {EV+3 Dex+6 Slay+2}
rMut   .         Stasis   .     o - +5 pair of boots "Cewin" {MR- Str+4}
MR     .....     NoCast   +     z - amulet of faith
Stlth  +++.......               L - ring "Ucekoeq" {rElec rF++ MR- Int+3 Stlth-}
                                D - ring "Caqeeptaol" {rElec rN+ MP+9 Str+4 Int+2 Dex-2}

@: not resistant to hostile enchantments, fairly stealthy
A: change form in water, swift swim
a: Heroism, Finesse, Renounce Religion, Evoke Invisibility


You were on level 5 of the Abyss.
You worshipped Okawaru.
Okawaru was exalted by your worship.
You were not hungry.

You visited 4 branches of the dungeon, and saw 28 of its levels.
You visited the Abyss 1 time.
You also visited: Labyrinth, Ossuary and Ice Cave.

You collected 3424 gold pieces.
You spent 2725 gold pieces at shops.

Inventory:

Hand weapons
 a - the +13 sword of the Doom Knight (weapon) {pain, -Cast MR+}
   (You found it on level 5 of the Dungeon)

   In the hands of one skilled in necromantic magic, it inflicts extra damage on
   living creatures.
   It affects your resistance to hostile enchantments.
   It prevents spellcasting.
 b - the +5 great sword "Scheazistroe" {holy, rElec rPois}
   (Okawaru gifted it to you in an ice cave)

   It has been blessed by the Shining One to cause great damage to the undead
   and demons.
   It insulates you from electricity.
   It protects you from poison.
 e - a +0 scimitar of flaming
 f - the +10 broad axe of Ambiguity {freeze, rPois rN+ Int+2 Dex-4, unknown}
   (You found it on level 1 of the Abyss)

   It has been specially enchanted to freeze those struck by it, causing extra
   injury to most foes and up to half again as much damage against particularly
   susceptible opponents.
   It can also slow down cold-blooded creatures.
   It affects your intelligence (+2).
   It affects your dexterity (-4).
   It protects you from poison.
   It protects you from negative energy.
Missiles
 c - 11 poisoned javelins (quivered)
Armour
 o - the +5 pair of boots "Cewin" (worn) {MR- Str+4}
   (You found it on level 6 of the Dungeon)

   It affects your strength (+4).
   It affects your resistance to hostile enchantments.
 q - a +2 helmet (worn)
 v - the +0 ring mail of Cleakamu (worn) {rPois MP+9 Int+3 Dex-2 Stlth+}
   (You bought it in a shop on level 6 of the Dungeon)

   It affects your intelligence (+3).
   It affects your dexterity (-2).
   It protects you from poison.
   It affects your magic capacity (+9).
   It makes you more stealthy.
 y - a +2 cloak of invisibility (worn)
 H - the +2 pair of fencer's gloves (worn) {EV+3 Dex+6 Slay+2}
   (You bought it in a shop on level 4 of the Orcish Mines)

   It affects your evasion (+3).
   It affects your dexterity (+6).
   It affects your accuracy and damage with ranged weapons and melee attacks
   (+2).
Jewellery
 g - an uncursed ring of teleport control
 u - an uncursed amulet of regeneration
 w - an uncursed ring of flight
 x - a cursed ring of teleportation
 z - an amulet of faith (around neck)
 C - an uncursed amulet of resist corrosion
 D - the ring "Caqeeptaol" (left hand) {rElec rN+ MP+9 Str+4 Int+2 Dex-2}
   (You found it in an ice cave)

   [ring of strength]

   It affects your strength (+4).
   It affects your intelligence (+2).
   It affects your dexterity (-2).
   It insulates you from electricity.
   It protects you from negative energy.
   It affects your magic capacity (+9).
 F - an uncursed amulet of resist mutation
 L - the ring "Ucekoeq" (right hand) {rElec rF++ MR- Int+3 Stlth-}
   (You found it on level 10 of the Dungeon)

   [ring of loudness]

   It affects your intelligence (+3).
   It greatly protects you from fire.
   It insulates you from electricity.
   It affects your resistance to hostile enchantments.
   It makes you less stealthy.
 N - an uncursed ring of positive energy
 P - an uncursed ring of protection from cold
 S - an uncursed ring of protection from cold
Magical devices
 d - a wand of digging (4)
 j - a wand of fire (4)
 r - a wand of cold (1)
 t - a wand of fire (3)
 R - a wand of lightning (1)
 T - a wand of teleportation (3)
 X - a wand of disintegration (17)
 Z - a wand of hasting (6)
Scrolls
 i - 10 scrolls of teleportation
 m - 3 scrolls of holy word
 n - 6 scrolls of magic mapping
 s - 12 scrolls of identify
 O - a scroll of fear
 Q - a scroll of fog
 V - a scroll of silence
 W - 4 scrolls of recharging
 Y - 2 scrolls of remove curse
Potions
 h - 10 potions of curing
 k - 2 potions of heal wounds
 p - 4 potions of might
 A - 2 potions of cancellation
 B - 2 potions of invisibility
 E - a potion of cure mutation
 G - a potion of resistance
 I - 4 potions of restore abilities
 J - 2 potions of flight
 K - 4 potions of haste
Books
 M - the Disquisition on Aid
   (You found it on level 4 of the Abyss)

   Spells                             Type                      Level
   a - Infusion                       Charms                       1
   b - Swiftness                      Charms/Air                   2
   c - Warp Weapon                    Charms/Translocation         5
   d - Excruciating Wounds            Charms/Necromancy            5
   e - Iskenderun's Battlesphere      Conjuration/Charms           5
Comestibles
 l - a meat ration
 U - 3 chunks of flesh


   Skills:
 + Level 14.9 Fighting
 + Level 17.3 Long Blades
   Level 8.9 Polearms
 + Level 3.8 Throwing
 + Level 5.7 Armour
 + Level 18.9 Dodging
 + Level 7.2 Stealth
 + Level 4.0 Spellcasting
 + Level 4.1 Necromancy
 + Level 1.9 Invocations
 + Level 0.4 Evocations


You had 19 spell levels left.
You knew the following spells:

 Your Spells              Type           Power        Failure   Level  Hunger
a - Pain                  Necr           ##..         8%          1    None
b - Regeneration          Chrm/Necr      #.........   38%         3    ###....


Dungeon Overview and Level Annotations

Branches:
Dungeon (15/15)            Temple (1/1) D:4            Lair (8/8) D:9
  Swamp (0/5) Lair:4       Spider (0/5) Lair:3        Slime (0/6) Lair:6
    Orc (4/4) D:10            Elf (0/3) Orc:3        Vaults (0/5) D:14
 Depths (0/5) D:15

Altars:
Ashenzari
Cheibriados
Dithmenos
Elyvilon
Fedhas
Gozag
Kikubaaqudgha
Makhleb
Nemelex Xobeh
Okawaru
Qazlal
Ru
Sif Muna
Trog
Vehumet
Xom
Yredelemnul
Zin
The Shining One
Beogh
Jiyva

Shops:
D:6 *   D:8 (   D:10 *   Orc:2 =   Orc:4 [*:!

Annotations:
D:7 exclusion: orange crystal statue
D:12 exclusion: oklob plant


Message History

You now have 684 gold pieces (gained 22).
You see here a raiju corpse.
You butcher the raiju corpse.
U - 4 chunks of flesh (gained 2) Eat one of 4 chunks of flesh? (ye/n/q/i?) This raw flesh tastes terrible.
You continue eating. x2
You start resting.
A hellwing comes into view.
Found 15 gold pieces.
A reaper comes into view. It is wielding a scythe of protection.
You see here 15 gold pieces.
You now have 699 gold pieces (gained 15).
The reaper hits you from afar with a scythe of protection!!
* * * LOW HITPOINT WARNING * * *
The reaper misses you.
You barely miss the reaper. You hit the reaper but do no damage.
The reaper hits you with a scythe of protection!!
You die...

# . # . ..#. ...
. .4 .# ..######
#...# .#.## .
..#.##.# . #.
.##. #..##.# #)
. ...#.. .4 # #(
.#.#.#.####.#.#
###.#.#.#.#...#
##..#......@##
#..#..#...#2.#
....#...#......#
##. ...#...##..#
#.####.#.#...#.#
..# #.##.####..
.# #..... #. #
## .##. .. ##


You could see a reaper and a hellwing.

Vanquished Creatures
  A tentacled monstrosity (Abyss:2)
  A deep elf blademaster (Abyss:4)
  A sphinx (D:14)
  2 tengu reavers (D:14)
  Roxanne (D:15)
  4 very ugly things (Abyss:4)
  4 dire elephants (Lair:8)
  A minotaur (Lab)
  A fire dragon (D:14)
  The ghost of runewalsh the Frost Mage, a powerful OpIE of Vehumet (D:14)
  2 ice dragons (IceCv)
  Harold (Lair:5)
  6 hydras
  4 centaur warriors
  Erica (Orc:2)
  An anaconda (Lair:8)
  3 tengu warriors (D:15)
  A shock serpent (shapeshifter) (D:14)
  2 thrashing horrors (Abyss:4)
  5 orc high priests (Orc:4)
  Nergalle (Lair:2)
  3 skeletal warriors (D:14)
  4 unseen horrors
  A wizard (D:15)
  2 starcursed masses (Abyss:5)
  14 hill giants
  2 ice statues (IceCv)
  5 griffons
  8 orc knights
  A deep elf conjurer (D:15)
  2 manticores
  5 orc sorcerers
  4 cyclopes
  An orb spider (Abyss:4)
  8 ugly things
  2 worldbinders
  13 elephants
  5 black mambas
  Maurice (Orc:2)
  2 gargoyles (D:12)
  A smoke demon (Abyss:2)
  9 komodo dragons
  3 fire drakes
  A naga mage (D:15)
  An elf (shapeshifter) (D:14)
  8 spiny frogs
  5 trolls
  A queen bee (Lair:2)
  A polar bear (D:9)
  An efreet (D:15)
  Prince Ribbit (D:5)
  3 wandering mushrooms (Lair:8)
  17 blink frogs
  4 two-headed ogres
  7 raiju
  A raven (shapeshifter) (D:14)
  A trapdoor spider (D:13)
  6 ravens (D:15)
  5 basilisks
  5 slime creatures (D:15)
  2 deep elf magi
  2 water elementals (D:14)
  A shadow (D:14)
  3 wyverns
  4 wraiths
  7 hippogriffs
  14 wolves
  Eustachio (D:8)
  47 yaks
  3 hungry ghosts
  A vampire (Abyss:4)
  Grum (Orc:1)
  A steam dragon (D:12)
  3 neqoxecs
  A raven zombie (D:15)
  2 wargs
  7 vampire mosquitoes
  Edmund (D:5)
  Menkaure (D:5)
  16 water moccasins
  A mottled dragon (D:11)
  17 ice beasts
  36 orc warriors
  A wasp (D:13)
  10 porcupines
  3 eyes of draining
  A spider (Abyss:4)
  2 large abominations (Abyss:5)
  3 black bears
  5 phantoms
  4 sky beasts
  A necrophage (D:8)
  3 small abominations
  A boring beetle (Lair:8)
  7 centaurs
  7 ogres
  12 crocodiles
  Duvessa (Orc:1)
  Blork the orc (D:4)
  A big kobold (D:8)
  23 giant frogs
  6 scorpions
  27 killer bees
  3 wights (D:10)
  10 electric eels
  A quasit (Abyss:2)
  3 centaur zombies
  A giant frog zombie (D:5)
  7 crimson imps
  Dowan (Orc:1)
  A goliath beetle (D:6)
  2 jellies
  39 orc priests
  Crazy Yiuf (D:5)
  4 giant frog skeletons
  16 hounds
  7 iguanas
  3 centaur skeletons
  30 orc wizards
  A hell rat (D:9)
  Natasha (thrice) (D:4)
  8 worker ants
  Ijyb (D:4)
  12 sheep
  2 hound zombies
  2 hound skeletons
  9 mummies
  4 worker ant zombies
  Robin (D:4)
  4 gnolls (D:6)
  28 adders
  20 river rats
  A white imp (Abyss:2)
  5 shadow imps
  A giant mite (D:6)
  2 worker ant simulacra (D:9)
  4 worms
  2 adder skeletons
  5 giant geckos
  162 orcs
  11 bats
  31 goblins
  27 hobgoblins
  8 jackals
  3 oozes
  4 giant newts
  2 gnoll zombies (Ossuary)
  A goblin zombie (D:6)
  2 hobgoblin zombies (Ossuary)
  A jackal skeleton (D:6)
  21 kobolds
  7 orc zombies
  12 quokkas
  2 quokka zombies
  22 rats
  5 ballistomycetes (D:8)
  7 plants
1071 creatures vanquished.

Vanquished Creatures (others)
  A fire drake (Lair:7)
  An ogre (D:15)
  An ufetubus (D:9)
  3 orcs
  A quokka (D:14)
  A giant spore (D:8)
  A bush (Lair:7)
  6 fungi
  2 plants
17 creatures vanquished.

Grand Total: 1088 creatures vanquished

Notes
Turn   | Place    | Note
--------------------------------------------------------------
     0 | D:1      | Leibowitz, the Merfolk Gladiator, began the quest for the Orb.
     0 | D:1      | Reached XP level 1. HP: 16/16 MP: 1/1
   151 | D:1      | Reached XP level 2. HP: 22/22 MP: 2/2
   466 | D:1      | Reached skill level 5 in Polearms
   698 | D:1      | Reached XP level 3. HP: 26/28 MP: 3/3
  1197 | D:2      | Reached skill level 5 in Dodging
  1239 | D:2      | Reached XP level 4. HP: 34/34 MP: 4/4
  1728 | D:2      | Reached skill level 1 in Armour
  1882 | D:2      | Reached XP level 5. HP: 39/39 MP: 5/5
  2223 | D:3      | Noticed an orc warrior
  2328 | D:4      | Reached skill level 6 in Polearms
  2345 | D:4      | Noticed a phantom
  2388 | D:4      | Killed a phantom
  2388 | D:4      | Reached skill level 1 in Stealth
  2388 | D:4      | Reached XP level 6. HP: 47/47 MP: 6/6
  2408 | D:4      | Noticed Blork the orc
  2430 | D:4      | Killed Blork the orc
  2496 | D:4      | Found a staircase to the Ecumenical Temple.
  2501 | Temple   | Entered the Ecumenical Temple
  2817 | D:4      | Noticed Natasha
  2823 | D:4      | Killed Natasha
  2823 | D:4      | Reached XP level 7. HP: 51/53 MP: 7/7
  2923 | D:4      | Noticed Natasha
  2927 | D:4      | Killed Natasha
  2954 | D:4      | Noticed Natasha
  2961 | D:4      | Killed Natasha
  3088 | D:3      | Killed an orc warrior
  3088 | D:3      | Reached skill level 7 in Dodging
  3246 | D:4      | Noticed Ijyb
  3260 | D:4      | Killed Ijyb
  3570 | D:4      | Noticed Robin
  3610 | D:4      | Killed Robin
  3899 | D:5      | Entered Level 5 of the Dungeon
  3922 | D:5      | Reached skill level 8 in Polearms
  3922 | D:5      | Reached XP level 8. HP: 48/60 MP: 8/8
  3947 | D:5      | Gained mutation: You passively map a small area around you. [potion of beneficial mutation]
  4064 | D:5      | Noticed Menkaure
  4077 | D:5      | Killed Menkaure
  4129 | D:5      | Reached skill level 9 in Dodging
  4498 | D:5      | Noticed Prince Ribbit
  4521 | D:5      | Noticed Edmund
  4556 | D:5      | Killed Edmund
  4615 | D:5      | Noticed Crazy Yiuf
  4636 | D:5      | Killed Crazy Yiuf
  4790 | D:5      | Reached skill level 5 in Fighting
  4867 | D:5      | Killed Prince Ribbit
  4867 | D:5      | Reached skill level 10 in Dodging
  4867 | D:5      | Reached XP level 9. HP: 23/69 MP: 9/9
  5233 | D:6      | Got a pair of scorched boots
  5239 | D:6      | Identified the +5 pair of boots "Cewin" {MR- Str+4} (You found it on level 6 of the Dungeon)
  5403 | D:6      | Reached skill level 1 in Long Blades
  5609 | D:6      | Found a sand-covered staircase.
  5616 | Ossuary  | Entered an ossuary
  5914 | D:6      | Found Exifelog's Assorted Antiques.
  6577 | D:6      | Bought a glowing troll leather armour for 480 gold pieces
  6616 | D:6      | You fall through a shaft for 3 floors!
  6890 | D:9      | Found a staircase to the Lair.
  6914 | D:9      | Reached skill level 5 in Long Blades
  6914 | D:9      | Reached skill level 11 in Dodging
  6914 | D:9      | Reached XP level 10. HP: 72/77 MP: 10/10
  6970 | D:8      | Found Ehujat's Antique Weapon Boutique.
  7026 | D:8      | Lost mutation: You passively map a small area around you. [potion of cure mutation]
  7032 | D:8      | Found a shattered altar of Ashenzari.
  7042 | D:8      | Found a basalt altar of Yredelemnul.
  7139 | D:8      | Found a blossoming altar of Fedhas.
  7147 | D:8      | Found a stormy altar of Qazlal.
  7378 | D:8      | Noticed Eustachio
  7406 | D:8      | Killed Eustachio
  7730 | D:7      | Noticed an orange crystal statue
  8069 | D:7      | Found a sparkling altar of Nemelex Xobeh.
  8132 | D:7      | Found an iron altar of Okawaru.
  8133 | D:7      | Found a bloodstained altar of Trog.
  8144 | D:7      | Became a worshipper of Warmaster Okawaru
  9042 | D:10     | Entered Level 10 of the Dungeon
  9150 | D:10     | Acquired Okawaru's first power
  9296 | D:10     | Found a burning altar of Makhleb.
  9413 | D:10     | Reached skill level 12 in Dodging
  9416 | D:10     | Found a staircase to the Orcish Mines.
  9433 | D:10     | Reached skill level 5 in Stealth
  9504 | D:10     | Noticed a hill giant
  9519 | D:10     | Killed a hill giant
  9585 | D:10     | Found Disan's General Store.
  9656 | D:10     | Got a clouded golden ring
  9657 | D:10     | Identified the ring "Ucekoeq" {rElec rF++ MR- Int+3 Stlth-} (You found it on level 10 of the Dungeon)
  9665 | D:10     | Identified the Papyrus of Flying Confrontation
 10009 | D:10     | Noticed a hill giant
 10009 | D:10     | Noticed a hill giant
 10021 | D:10     | Killed a hill giant
 10024 | D:10     | Killed a hill giant
 10090 | D:11     | Noticed a cyclops
 10101 | D:11     | Killed a cyclops
 10140 | D:11     | Reached XP level 11. HP: 85/87 MP: 11/11
 10187 | D:11     | Noticed a hill giant
 10193 | D:11     | Killed a hill giant
 10407 | D:11     | Noticed a cyclops
 10410 | D:11     | Killed a cyclops
 10410 | D:11     | Reached skill level 13 in Dodging
 10711 | D:11     | Noticed a hill giant
 10720 | D:11     | Killed a hill giant
 11088 | Lair:1   | Entered Level 1 of the Lair of Beasts
 11431 | Lair:1   | Acquired Okawaru's second power
 11976 | Lair:2   | Reached skill level 10 in Long Blades
 12018 | Lair:2   | Reached skill level 10 in Fighting
 12040 | Lair:2   | Noticed Nergalle
 12052 | Lair:2   | Killed Nergalle
 12052 | Lair:2   | Reached XP level 12. HP: 97/97 MP: 12/12
 12293 | D:6      | Bought a slimy ring mail for 288 gold pieces
 12303 | D:6      | Identified the +0 ring mail of Cleakamu {rPois+ MP+9 Int+3 Dex-2 Stlth+} (You bought it in a shop on level 6 of the Dungeon)
 12978 | Lair:2   | Received a gift from Okawaru
 13052 | Lair:2   | Reached skill level 14 in Dodging
 13189 | Lair:3   | Received a gift from Okawaru
 13279 | Lair:3   | Noticed a four-headed hydra
 13280 | Lair:3   | Found a hole to the Spider Nest.
 13294 | Lair:3   | Killed a four-headed hydra
 13402 | Lair:3   | Found a labyrinth entrance.
 13412 | Lab      | Entered a labyrinth
 13709 | Lab      | Noticed a minotaur
 13721 | Lab      | Killed a minotaur
 13765 | Lab      | Got a bloodstained rapier
 14437 | Lair:4   | Received a gift from Okawaru
 14496 | Lair:4   | Reached XP level 13. HP: 106/106 MP: 14/14
 14597 | Lair:4   | Reached skill level 15 in Dodging
 14736 | Lair:4   | Found a staircase to the Swamp.
 15240 | Lair:5   | Found a frozen archway.
 15252 | IceCv    | Entered an ice cave
 15599 | IceCv    | Received a gift from Okawaru
 15605 | IceCv    | Got a crystal great sword {god gift}
 15606 | IceCv    | Identified the +5 great sword "Scheazistroe" {holy, rElec rPois+} (Okawaru gifted it to you in an ice cave)
 15797 | IceCv    | Got a warped copper ring
 15805 | IceCv    | Identified the ring "Caqeeptaol" {rElec rN+ MP+9 Str+4 Int+2 Dex-2} (You found it in an ice cave)
 16350 | Lair:5   | Noticed Harold
 16631 | Lair:5   | Upgraded the game from 0.16-a0-4008-gc88e425 to 0.16-a0-4020-g6ff35b5
 16840 | Lair:6   | Received a gift from Okawaru
 17377 | Lair:6   | Found a viscous altar of Jiyva.
 17377 | Lair:6   | Found a staircase to the Slime Pits.
 17612 | Lair:6   | Received a gift from Okawaru
 18251 | Lair:7   | Reached skill level 16 in Dodging
 18595 | Lair:7   | HP: 1/109 [six-headed hydra (14)]
 18599 | Lair:7   | Reached XP level 14. HP: 29/116 MP: 16/16
 19693 | Lair:8   | Entered Level 8 of the Lair of Beasts
 19768 | Lair:8   | Reached skill level 1 in Invocations
 20681 | Lair:8   | Received a gift from Okawaru
 21600 | Lair:5   | Killed Harold
 21885 | Orc:1    | Entered Level 1 of the Orcish Mines
 21886 | Orc:1    | Noticed Duvessa
 21887 | Orc:1    | Noticed Dowan
 21895 | Orc:1    | Killed Dowan
 21898 | Orc:1    | Killed Duvessa
 22007 | Orc:1    | Noticed Grum
 22018 | Orc:1    | Killed Grum
 22019 | Orc:1    | Reached skill level 15 in Long Blades
 22368 | Orc:2    | Noticed Maurice
 22429 | Orc:2    | Killed Maurice
 22429 | Orc:2    | Reached skill level 17 in Dodging
 22522 | Orc:2    | Found Isuefapn's Jewellery Shop.
 22662 | Orc:2    | Noticed Erica
 22675 | Orc:2    | Killed Erica
 23229 | Orc:3    | Received a gift from Okawaru
 23459 | Orc:3    | Found a staircase to the Elven Halls.
 23854 | Orc:4    | Entered Level 4 of the Orcish Mines
 23971 | Orc:4    | Found Kimafuar's Distillery.
 23984 | Orc:4    | Bought a potion of mutation for 32 gold pieces
 24330 | Orc:4    | Found a roughly hewn altar of Beogh.
 24939 | Orc:4    | Reached XP level 15. HP: 64/124 MP: 18/18
 24988 | Orc:4    | Received a gift from Okawaru
 25003 | Orc:4    | Got a brightly glowing great sword {god gift}
 25018 | Orc:4    | Identified the +6 great sword of Karma {distort, +Inv rN+ MR- Str+4} (Okawaru gifted it to you on level 4 of the Orcish Mines)
 25133 | Orc:4    | Found Malic's Antique Armour Emporium.
 25133 | Orc:4    | Found Madghu Thuch's Weapon Shoppe.
 25133 | Orc:4    | Found Anoag's Book Emporium.
 25134 | Orc:4    | Found Klele's Assorted Antiques.
 25343 | Orc:4    | Bought an encrusted leather armour for 217 gold pieces
 25343 | Orc:4    | Identified the cursed -3 leather armour of Bla Shri {rF- MP+9 Int+2 Dex-2 Slay+2} (You bought it in a shop on level 4 of the Orcish Mines)
 25345 | Orc:4    | Bought the +2 pair of fencer's gloves {EV+3 Dex+6 Slay+2} for 1708 gold pieces
 25711 | D:12     | Noticed a hill giant
 25723 | D:12     | Killed a hill giant
 25772 | D:12     | Noticed a hill giant
 25779 | D:12     | Killed a hill giant
 25826 | D:12     | Noticed a hill giant
 25838 | D:12     | Killed a hill giant
 26100 | D:12     | Learned a level 1 spell: Pain
 26104 | D:12     | Learned a level 3 spell: Regeneration
 27109 | D:12     | Found a blossoming altar of Fedhas.
 27483 | D:13     | Received a gift from Okawaru
 27486 | D:13     | Got a jewelled halberd {god gift}
 27487 | D:13     | Identified the +5 halberd "Ogrebane" {chop, rPois rN+ Str+3 Dex-4 SInv} (Okawaru gifted it to you on level 13 of the Dungeon)
 27926 | D:13     | Reached skill level 1 in Necromancy
 27945 | D:13     | Reached skill level 1 in Spellcasting
 28415 | D:14     | Reached skill level 5 in Armour
 28791 | D:14     | Found a white marble altar of Elyvilon.
 28793 | D:14     | Found a gate to the Vaults.
 28802 | D:14     | Noticed runewalsh's ghost (powerful OpIE)
 28832 | D:14     | Killed runewalsh's ghost
 28955 | D:14     | Noticed a tengu reaver
 29369 | D:14     | Upgraded the game from 0.16-a0-4020-g6ff35b5 to 0.16-a0-4023-g001212b
 29395 | D:14     | Noticed a tengu reaver
 29397 | D:14     | Killed a tengu reaver
 29406 | D:14     | Killed a tengu reaver
 29406 | D:14     | Reached skill level 18 in Dodging
 29711 | D:14     | Noticed a sphinx
 29714 | D:14     | Paralysed by a sphinx for 7 turns
 29728 | D:14     | Killed a sphinx
 30428 | D:14     | Killed an unseen horror
 30428 | D:14     | Reached XP level 16. HP: 134/134 MP: 24/24
 30543 | D:15     | Entered Level 15 of the Dungeon
 30580 | D:15     | Received a gift from Okawaru
 30583 | D:15     | Got a pair of jewelled gloves {god gift}
 30594 | D:15     | Identified the -2 pair of gloves "Frunizum" {MR+ rCorr Dex-3 Stlth+} (Okawaru gifted it to you on level 15 of the Dungeon)
 31396 | D:15     | Noticed Roxanne
 31410 | D:15     | Killed Roxanne
 31484 | D:15     | Found a staircase to the Depths.
 31491 | D:15     | Cast into the Abyss (an ogre mage)
 31494 | Abyss:1  | Got a slimy broad axe
 31640 | Abyss:2  | Noticed a tentacled monstrosity
 31650 | Abyss:2  | Killed a tentacled monstrosity
 31707 | Abyss:4  | Identified the Disquisition on Aid (You found it on level 4 of the Abyss)
 31750 | Abyss:4  | Received a gift from Okawaru
 31785 | Abyss:4  | Noticed a deep elf blademaster
 31792 | Abyss:4  | Killed a deep elf blademaster
 31795 | Abyss:4  | Noticed a deep elf blademaster
 31800 | Abyss:5  | Entered Level 5 of the Abyss
 31904 | Abyss:5  | Slain by a reaper

Action                   |  1- 3 |  4- 6 |  7- 9 | 10-12 | 13-15 | 16-18 || total
-------------------------+-------+-------+-------+-------+-------+-------++-------
Melee: Trident           |    99 |   242 |   367 |    11 |    41 |       ||   760
       Great sword       |       |       |   151 |   714 |  1427 |   294 ||  2586
       Scythe            |       |       |       |    46 |       |       ||    46
       Scimitar          |       |       |       |       |     7 |       ||     7
 Fire: Blowgun           |       |       |     5 |       |       |       ||     5
Throw: Javelin           |    16 |     9 |     7 |     1 |    37 |       ||    70
       Throwing net      |       |       |     3 |       |       |       ||     3
 Cast: Pain              |       |       |       |       |    78 |       ||    78
Invok: Heroism           |       |       |       |     1 |    13 |     2 ||    16
 Abil: Evoke Invisibilit |       |       |       |       |     2 |       ||     2
Evoke: Wand              |       |       |       |     2 |     1 |       ||     3
  Use: Potion            |       |     1 |    10 |     6 |    10 |     3 ||    30
       Scroll            |       |       |    12 |     7 |     9 |       ||    28
 Stab: Sleeping          |       |     1 |    10 |    19 |    12 |     5 ||    47
       Held in net/web   |       |       |     3 |       |       |       ||     3
       Invisible         |       |       |     2 |       |    10 |       ||    12
       Distracted        |       |       |       |     1 |     2 |     2 ||     5
  Eat: Chunk             |     1 |     5 |    16 |    26 |    47 |     6 ||   101
       Fruit             |       |     1 |       |     1 |     3 |       ||     5
       Pizza             |       |       |       |     1 |       |       ||     1
       Meat ration       |       |       |       |       |     1 |       ||     1
       Bread ration      |       |       |       |       |     1 |       ||     1
